 Dungeon Crawl Stone Soup version 0.30-a0-4-ga7cffc901d (webtiles) character file.

Game seed: 2965941630187179922

319 Flugkiller the Chopper (level 6, 0/56 HPs)
             Began as a Minotaur Fighter on Aug 21, 2022.
             Slain by an ogre
             ... wielding a +0 giant spiked club
              (17 damage)
             ... on level 4 of the Dungeon.
             The game lasted 00:01:29 (3109 turns).

Flugkiller the Chopper (Minotaur Fighter)           Turns: 3109, Time: 00:01:29

Health: 0/56       AC:  7    Str: 20    XL:     6   Next: 21%
Magic:  5/5        EV:  9    Int:  5    God:
Gold:   154        SH:  4    Dex: 12    Spells: 5/5 levels left

rFire   . . .      SeeInvis .    a - +0 war axe
rCold   . . .      Faith    .    c - +0 buckler
rNeg    . . .      Spirit   .    b - +0 scale mail
rPois   .          Reflect  .    (helmet restricted)
rElec   .          Harm     .    (no cloak)
rCorr   .          Rampage  .    (no gloves)
Will    +....                    (no boots)
Stlth   ..........               (no amulet)
HPRegen 0.18/turn                m - ring of willpower
MPRegen 0.09/turn                j - +4 ring of slaying

@: no status effects
A: horns 2, retaliatory headbutt
a: no special abilities


You were on level 4 of the Dungeon.
You visited 1 branch of the dungeon, and saw 4 of its levels.

You collected 154 gold pieces.

Inventory:

Hand Weapons
 a - a +0 war axe (weapon)
Missiles
 x - 3 javelins (quivered)
Armour
 b - a +0 scale mail (worn)
 c - a +0 buckler (worn)
Jewellery
 f - a ring of flight
   (You found it on level 1 of the Dungeon)
 j - a +4 ring of slaying (right hand)
   (You found it on level 3 of the Dungeon)
 m - a ring of willpower (left hand)
   (You found it on level 1 of the Dungeon)
Scrolls
 g - a scroll of enchant weapon {unknown}
 h - a scroll of vulnerability
 i - a scroll of fog
 k - a scroll of immolation
 t - a scroll of fear
 v - a scroll of poison
Potions
 d - a potion of might
 e - a potion of mutation {unknown}
 l - a potion of degeneration {unknown}
 n - a potion of brilliance {unknown}
 o - 3 potions of curing {unknown}
 p - 2 potions of flight {unknown}
 q - a potion of heal wounds {unknown}
 s - 2 potions of berserk rage {unknown}
 u - a potion of cancellation {unknown}
 w - a potion of attraction {unknown}


   Skills:
 + Level 5.2 Fighting
 * Level 5.9 Axes
 + Level 5.2 Armour
 - Level 3.6 Shields


You had 5 spell levels left.
You didn't know any spells.
Your spell library was empty.

Dungeon Overview and Level Annotations

Branches:
Dungeon (4/15)
 Temple: D:4-7

Altars:
Ashenzari
Hepliaklqana

Shops:
D:1 *[:


Innate Abilities, Weirdness & Mutations

You have a pair of horns on your head.
You reflexively headbutt those who attack you in melee.


Message History

The hound is almost dead.
You block the hound's attack. x2
You slash the hound!
You kill the hound!
You hit the jelly. The acid corrodes you!
Your hands burn!
The jelly barely misses you.
You slash the jelly!
Your hands burn!
The jelly is almost dead.
You hit the ogre. The ogre hits you with a +0 giant club! The jelly hits you.
The acid corrodes you!
You are splashed with acid!
You slash the jelly!
You kill the jelly!
You slash the ogre! The ogre hits you with a +0 giant club.
Your Fighting skill increases to level 5!
Your Armour skill increases to level 5!
You are too injured to fight recklessly!
You are too injured to fight recklessly!
You are too injured to fight recklessly!
You are too injured to fight recklessly!
You are too injured to fight recklessly!
You are too injured to fight recklessly!
Unknown command.
You hit the ogre.
The ogre is heavily wounded.
The ogre barely misses you.
You barely miss the ogre. You headbutt the ogre.
The ogre is severely wounded.
You block the ogre's attack.
You barely miss the ogre.
The ogre is severely wounded.
You aren't carrying any items that you can evoke.
Unknown command.
You slash the ogre!
You kill the ogre!
You have reached level 6!
You start resting.
You are no longer corroded.
You start resting.
A kobold comes into view.
It is wielding a +0 whip and quivering poisoned darts.
The kobold throws a poisoned dart.
The poisoned dart hits you!
You are poisoned.
You feel sick.
You feel sick.
You feel sick. The kobold hits you but does no damage.
You barely miss the kobold.
You headbutt the kobold, but do no damage.
You feel sick. The kobold hits you but does no damage.
The kobold hits you with a +0 whip.
You barely miss the kobold. You headbutt the kobold.
You kill the kobold!
You feel sick.
No target in view!
No target in view!
No target in view!
No target in view!
No target in view!
No target in view!
You feel sick.
You are no longer poisoned.
HP restored.
Things that are here:
a +0 whip; 7 poisoned darts; a kobold corpse
Found an escape hatch in the floor.
A goblin comes into view. It is wielding a +0 club.
The goblin shouts!
A goblin is nearby!
The goblin hits you but does no damage.
You barely miss the goblin. You headbutt the goblin.
You kill the goblin!
No target in view!
No target in view!
No target in view!
No target in view!
No target in view!
No target in view!
An ogre comes into view. It is wielding a +0 giant spiked club.
An ogre is nearby!
An ogre is nearby!
An ogre is nearby!
You barely miss the ogre.
The ogre hits you with a +0 giant spiked club!!
You barely miss the ogre. You headbutt the ogre!
The ogre is heavily wounded.
The ogre hits you with a +0 giant spiked club!!
You are too injured to fight recklessly!
You are too injured to fight recklessly!
You are too injured to fight recklessly!
You are too injured to fight recklessly!
You are too injured to fight recklessly!
You are too injured to fight recklessly!
You are too injured to fight recklessly!
You are too injured to fight recklessly!
Unknown command.
You hit the ogre.
The ogre is heavily wounded.
The ogre barely misses you.
You hit the ogre. You headbutt the ogre!
The ogre is almost dead.
The ogre hits you with a +0 giant spiked club!
You die...

#.# #.# #. #.# #.#
#. #.# #.#####.
#.# #..>....
#.###..#.###
#######....)....##
#...............##
#.#########.......
#@# #....... #O#
#....... #.#
###...## #.# #...#
#.# ##.## #.# #.#
#.#


You could see an ogre.

Vanquished Creatures
  An ogre (D:4)
  A scorpion (D:4)
  A hound (D:4)
  A jelly (D:4)
  4 adders
  4 worms
  4 dart slugs
  An orc (D:4)
  8 endoplasms
  A giant cockroach (D:1)
  5 goblins
  4 hobgoblins
  7 jackals (D:2)
  3 quokkas
  4 ball pythons
  4 bats
  3 frilled lizards
  10 kobolds
  3 rats
69 creatures vanquished.

Notes
Turn   | Place    | Note
-------+----------+-------------------------------------------
     0 | D:1      | Flugkiller the Minotaur Fighter began the quest for the
                  | Orb.
     0 | D:1      | Reached XP level 1. HP: 19/19 MP: 0/0
   146 | D:1      | Reached XP level 2. HP: 27/27 MP: 1/1
   248 | D:1      | Found Qofoewk's General Store.
   442 | D:1      | Found a faded altar of an unknown god.
   445 | D:1      | Found Vucacegg's Book Emporium.
   635 | D:1      | Found Fahipash's Armour Shop.
   914 | D:1      | Reached XP level 3. HP: 33/33 MP: 2/2
  1110 | D:2      | Found a hazy altar of Hepliaklqana.
  1552 | D:2      | Reached XP level 4. HP: 37/40 MP: 3/3
  1727 | D:3      | Found a broken altar of Ashenzari.
  2690 | D:4      | Noticed a scorpion
  2696 | D:4      | Killed a scorpion
  2697 | D:4      | Reached skill level 5 in Axes
  2697 | D:4      | Reached XP level 5. HP: 45/47 MP: 4/4
  2768 | D:4      | Noticed an ogre
  2774 | D:4      | Reached skill level 5 in Fighting
  2774 | D:4      | Reached skill level 5 in Armour
  2777 | D:4      | Killed an ogre
  2778 | D:4      | Reached XP level 6. HP: 19/56 MP: 5/5
  3109 | D:4      | Slain by an ogre

Illustrated notes

Levels and vault maps discovered:
D:1:      dpeg_arrival_rooms_with_view, layout_basic, serial_shops,
          nicolae_shop_advertising_works [nicolae_subvault_shop_adworks],
          nicolae_shop_crystal, shop, chequers_ecumenical_altar_island,
          chequers_serial_rivers_small_b, minmay_misc_feat_tower,
          minmay_pentomino_z4
D:2:      layout_rooms, basic_altar
D:3:      layout_basic, old_standard_altar, minmay_misc_feat_columns,
          st_stairs_4, minmay_misc_feat_ornament, minmay_door_square,
          hangedman_glass_teeth
D:4:      layout_loops_ring, minmay_temple_entry_slanted,
          minmay_fractal_squares_diagonal_5

Skill      XL: |  1  2  3  4  5 |
---------------+----------------+-----
Axes           | 3 4 5 |  5.9
Fighting       | 4 5 |  5.2
Armour         | 4 5 |  5.2
Shields        | |  3.6

Action                   |  1- 3 |  4- 6 || total
-------------------------+-------+-------++-------
Melee: War axe           |    86 |    51 ||   137
       Headbutt          |     8 |    13 ||    21
  Use: Scroll            |       |     6 ||     6
Armor: Scale mail        |    47 |    14 ||    61
Dodge: Dodged            |    46 |    20 ||    66
Block: Buckler           |    18 |    10 ||    28

Table legend: (Time is in decaauts)
 A = Elapsed time spent in this place.
 B = Non-inter-level travel time spent in this place.
 C = Inter-level travel time spent in this place.
 D = Time resting spent in this place.
 E = Time spent auto-exploring this place.
 F = Levels seen in this place.
 G = Mean time per level.
                   A        B        C        D        E       F      G
               +--------+--------+--------+--------+--------+-----+--------+
         Total |   3154 |   3063 |     91 |    146 |   2519 |   4 |  788.5 |
       Dungeon |   3154 |   3063 |     91 |    146 |   2519 |   4 |  788.5 |
               +--------+--------+--------+--------+--------+-----+--------+

Top non-repeatable levels by time:
     D:1: 1126 daAuts
     D:3: 1056 daAuts
     D:2: 526 daAuts
     D:4: 444 daAuts
